Map: Nightscape LE

Players

Nikopol

  • Race: Terran Terran
  • Spawn Location: 7:00

vetrik

  • Race: Zerg Zerg
  • Spawn Location: 7:00

Massa - Winner!

  • Race: Terran Terran
  • League: Platinum
  • Spawn Location: 1:00

qqq - Winner!

  • Race: Zerg Zerg
  • Spawn Location: 1:00

VOD

Have the link to the VOD?

Description

Time

  • Played on: Oct. 19, 2020, 12:48 p.m.
  • Length: 12:43
Show
View Real Time Build Order
Export as new Build Order

Nikopol Terran 

Build Orders:  

Get SALT Encoding   

  12  0:00  SCV  
  13  0:13  SCV  
  14  0:18  Supply Depot  
  14  0:25  SCV  
  15  0:40  SCV  
  15  0:42  Barracks  
  16  0:47  Refinery  
  16  0:52  SCV  
  16  0:57  Refinery  
  17  1:04  SCV  
  18  1:16  SCV  
  19  1:29  Orbital Command  
  19  1:38  Barracks Tech Lab  
  19  1:41  Factory  
  19  2:01  SCV  
  19  2:05  Supply Depot  
  20  2:09  Barracks  
  20  2:11  Marine  
  20  2:13  SCV  
  22  2:16  Stimpack  
  21  2:31  Factory Tech Lab  
  21  2:34  Marine  
  22  2:38  SCV  
  23  2:45  Engineering Bay  
  23  2:50  Starport, SCV  
  24  2:58  Barracks Reactor  
  24  3:01  Siege Tank  
  27  3:15  SCV  
  28  3:21  Marine  
  29  3:34  Marine x2  
  31  3:43  Supply Depot  
  31  4:04  Siege Tank  
  31  4:05  Marine  
  31  4:06  Marine x2  
  37  4:12  Medivac  
  37  4:16  Supply Depot x2  
  39  4:18  Terran Infantry Weapons Level 1  
  39  4:37  Marine x3  
  42  4:44  Medivac  
  44  4:55  Marine x2, Supply Depot  
  44  4:56  Marine  
  47  5:01  Combat Shield  
  47  5:04  Command Center  
  47  5:46  Medivac  
  47  5:47  Siege Tank  
  51  6:22  Marine x3, Siege Tank  
  56  6:59  Marine, Siege Tank  
  56  7:00  Marine x2  
  60  7:17  Marine  
  60  7:18  Marine x2  
  53  7:32  Orbital Command  
  53  7:34  Barracks  
  53  7:35  SCV, Marine x3  
  52  7:47  SCV  
  53  7:53  Marine x3  
  53  7:54  Terran Infantry Armor Level 1  
  53  7:55  Barracks  
  53  7:56  Missile Turret  
  56  7:59  SCV  
  56  8:04  Armory  
  51  8:11  Marine x3  
  41  8:51  SCV x2  
  43  8:55  Missile Turret  
  43  8:57  Marine x3  
  43  8:59  Missile Turret  
  43  9:00  Thor  
  43  9:02  Starport Tech Lab  
  52  9:03  SCV x2  
  52  9:09  Marine  
  54  9:10  Marine  
  54  9:15  SCV, Marine x3  
  48  9:27  SCV, Marine x2  
  48  9:30  SCV  
  49  9:35  Raven, Missile Turret  
  49  10:03  Marine  
  49  10:04  Marine x2  
  55  10:07  Siege Tank  
  55  10:08  SCV x2  
  57  10:15  Command Center  
  57  10:18  Medivac  
  57  10:20  SCV x2  
  61  10:33  SCV  
  61  10:34  Marine x5  
  67  10:38  Refinery  
  67  10:42  Refinery  
  67  10:51  Marine  
  67  10:52  Marine x2  
  56  11:19  Marine x3  
  56  11:20  Medivac  
  56  11:24  SCV x2  
  66  11:32  Thor  
  63  11:35  Orbital Command, Factory  
  63  11:39  Factory  
  69  11:54  Marine  
  69  11:55  Marine x4  
  69  11:56  Medivac  
  76  12:12  Marine x2  
  76  12:13  Marine  
  85  12:35  Factory Tech Lab x2  
Show
View Real Time Build Order
Export as new Build Order

vetrik Zerg 

Build Orders: Hatch First 

Get SALT Encoding   

  12  0:01  Drone  
  13  0:08  Drone  
  14  0:34  Hatchery  
  13  0:40  Drone  
  14  0:45  Overlord  
  14  0:54  Extractor, Drone  
  14  1:07  Drone  
  14  1:11  Spawning Pool  
  14  1:15  Drone  
  15  1:20  Drone  
  16  1:32  Drone  
  17  1:42  Drone  
  18  1:58  Metabolic Boost  
  18  1:59  Queen  
  20  2:01  Queen  
  22  2:10  Drone x2  
  22  2:14  Drone  
  25  2:16  Drone  
  26  2:32  Extractor, Overlord  
  26  2:36  Overlord  
  25  2:48  Drone  
  25  2:49  Drone x2  
  28  2:53  Pneumatized Carapace  
  28  2:56  Drone  
  28  2:57  Drone x2  
  31  3:00  Zergling x2  
  31  3:02  Zergling x2  
  33  3:11  Overlord  
  33  3:17  Overlord  
  33  3:23  Drone x2  
  33  3:27  Drone x3  
  38  3:43  Roach Warren  
  37  3:48  Zergling x4  
  37  3:49  Zergling x2  
  40  4:10  Drone  
  40  4:11  Drone x7  
  48  4:22  Hatchery  
  47  4:27  Roach x2  
  47  4:28  Roach  
  53  4:41  Overlord x2  
  53  4:52  Overlord  
  53  4:56  Overlord  
  41  5:36  Roach  
  41  5:37  Roach x8  
  41  5:41  Queen  
  61  5:43  Drone  
  62  5:51  Zergling x10  
  62  5:52  Zergling x2  
  67  6:11  Roach x8  
  76  6:53  Zergling x2  
  76  6:54  Zergling x10  
  80  7:15  Roach x2  
  82  7:33  Zergling x2  
  82  7:34  Zergling x6  
  68  7:59  Zergling x12  
  44  8:20  Drone  
  44  8:21  Drone x2  
  44  8:22  Roach x4  
  47  8:53  Roach  
  47  8:54  Roach x8  
  65  9:06  Roach x6  
  65  9:07  Roach  
  79  9:22  Roach  
  81  9:26  Overlord x9  
  81  9:27  Overlord  
  69  9:42  Drone x2  
  69  9:43  Drone x2  
  67  10:02  Extractor  
  67  10:04  Extractor, Spore Crawler  
  67  10:05  Drone x3  
  67  10:06  Drone, Spore Crawler  
  67  10:07  Drone x4  
  69  10:09  Roach  
  69  10:10  Roach x4  
  81  10:26  Overlord x3  
  81  10:35  Lair  
  81  10:42  Evolution Chamber  
  78  10:47  Roach  
  78  10:48  Roach x14  
  102  11:04  Ravager  
  102  11:06  Ravager  
  102  11:08  Ravager  
  74  11:35  Drone x5  
  74  11:36  Drone  
  74  11:37  Zergling x10  
  74  11:38  Zergling x14  
  92  11:54  Zergling x14  
  99  12:03  Queen  
  99  12:04  Queen  
  99  12:06  Zergling x2  
  99  12:07  Zergling x10  
  86  12:25  Zergling x2  
  86  12:26  Zergling x14  
Show
View Real Time Build Order
Export as new Build Order

Massa Terran - Winner!

Build Orders:  

Get SALT Encoding   

  12  0:00  SCV  
  13  0:12  SCV  
  14  0:22  Supply Depot  
  14  0:24  SCV  
  15  0:37  Refinery  
  15  0:43  SCV  
  15  0:44  Barracks  
  16  0:55  SCV  
  17  0:57  Refinery  
  17  1:08  SCV  
  18  1:20  SCV  
  19  1:32  SCV, Factory  
  20  1:33  Marine  
  21  1:44  SCV  
  22  1:59  Orbital Command  
  22  2:02  Reaper  
  23  2:17  Factory Reactor  
  23  2:19  Supply Depot  
  23  2:23  Command Center  
  23  2:37  Starport  
  23  2:41  SCV  
  24  2:49  Barracks Reactor  
  24  2:52  Supply Depot  
  24  2:56  Hellion x2  
  28  3:05  SCV  
  29  3:17  SCV, Hellion  
  29  3:18  Hellion  
  34  3:21  Medivac  
  34  3:26  Marine  
  34  3:27  Marine  
  37  3:29  SCV  
  39  3:38  Orbital Command  
  39  3:41  SCV  
  40  4:24  Marine x2  
  40  4:26  Widow Mine x2, SCV  
  40  4:27  SCV  
  48  4:39  SCV x2  
  48  4:42  Marine x2  
  52  4:47  Widow Mine  
  54  4:55  Supply Depot  
  54  4:57  Supply Depot  
  54  5:17  Widow Mine, Liberator, Marine, SCV x2  
  60  5:29  SCV x2  
  56  5:55  Marine x2  
  58  5:58  Barracks  
  58  6:00  Barracks, Viking  
  58  6:01  Refinery  
  58  6:12  Marine  
  58  6:13  Marine  
  60  6:30  Marine x2  
  60  6:41  Widow Mine x2  
  61  6:48  Marine  
  61  6:49  Marine  
  61  6:50  Marine  
  61  6:53  Marine  
  54  6:58  SCV  
  54  6:59  SCV  
  51  7:07  Marine  
  51  7:08  Marine  
  52  7:11  SCV  
  48  7:15  Barracks  
  48  7:17  Barracks  
  48  7:18  Barracks  
  48  7:19  Barracks  
  36  7:26  Barracks x2  
  36  7:28  Barracks  
  29  7:54  Marine  
  30  8:00  Supply Depot  
  30  8:01  Supply Depot x2  
  30  8:03  Starport Tech Lab  
  30  8:04  Supply Depot  
  30  8:22  SCV, Marine x5  
  30  8:25  Banshee, Supply Depot x2  
  30  8:26  Cloaking Field  
  33  8:34  SCV  
  33  8:40  Marine x5  
  39  8:41  SCV  
  39  8:46  SCV  
  41  8:51  Barracks Tech Lab  
  41  8:53  SCV  
  41  8:54  Barracks Reactor  
  42  8:58  SCV  
  42  9:00  Barracks Reactor  
  42  9:01  Barracks Reactor, Barracks Tech Lab x2  
  42  9:02  Barracks Reactor  
  43  9:03  Barracks Tech Lab  
  43  9:06  SCV  
  43  9:08  Banshee  
  47  9:10  SCV  
  48  9:18  SCV, Supply Depot  
  48  9:23  SCV  
  48  9:40  Supply Depot  
  48  9:41  Marine  
  48  9:42  Marauder x2  
  48  9:43  Marauder x2, Marine x2  
  48  9:44  Marine x5  
  64  9:59  Marine  
  62  10:01  Marine x3  
  62  10:02  Marine x4  
  62  10:03  Supply Depot  
  62  10:04  Marauder x4  
  77  10:07  SCV x2  
  79  10:17  Marine  
  79  10:19  SCV x2, Marine x2  
  84  10:25  Marauder x3  
  84  10:26  Refinery, Marauder  
  92  10:30  Engineering Bay  
  92  10:47  Marauder x4, Factory  
  100  10:51  Combat Shield, Stimpack  
  100  10:53  Concussive Shells  
  100  10:55  Marine x2  
  102  11:08  Marine x3  
  102  11:09  Marine  
  102  11:13  Marauder  
  102  11:15  Marauder  
  101  11:34  Command Center  
  101  11:35  Supply Depot  
  101  11:36  Supply Depot  
  101  11:38  Supply Depot  
  101  11:39  Marine  
  102  11:57  Marauder x3, Marine x2  
  102  11:58  Marauder  
  110  12:19  Marauder  
Show
View Real Time Build Order
Export as new Build Order

qqq Zerg - Winner!

Build Orders: Hatch First 

Get SALT Encoding   

  12  0:02  Drone  
  13  0:11  Drone  
  14  0:36  Hatchery  
  14  0:38  Drone  
  14  0:56  Spawning Pool  
  13  1:03  Overlord  
  13  1:08  Drone  
  14  1:18  Extractor  
  14  1:19  Drone  
  14  1:23  Drone  
  15  1:38  Drone x2  
  17  2:01  Drone  
  17  2:02  Drone, Queen  
  17  2:03  Queen  
  23  2:08  Overlord  
  23  2:11  Drone  
  23  2:12  Drone  
  24  2:25  Drone x2  
  24  2:29  Drone  
  27  2:32  Zergling x2  
  27  2:34  Drone  
  29  2:53  Drone  
  29  2:54  Zergling x2  
  31  2:59  Metabolic Boost  
  31  3:02  Drone  
  31  3:05  Drone  
  33  3:07  Zergling x2  
  33  3:10  Hatchery  
  33  3:17  Zergling x2, Overlord  
  33  3:19  Zergling x2  
  35  3:25  Lair  
  35  3:27  Drone  
  36  3:31  Overlord  
  36  3:36  Extractor  
  36  3:38  Drone x2  
  36  3:40  Drone  
  38  3:44  Drone  
  38  3:46  Drone  
  38  3:47  Zergling x2  
  41  3:54  Overlord  
  41  4:01  Drone  
  42  4:11  Drone  
  42  4:16  Drone  
  44  4:19  Drone  
  44  4:20  Overlord  
  44  4:21  Drone x2  
  44  4:22  Drone x2  
  49  4:36  Drone x2  
  51  4:39  Queen  
  51  4:43  Extractor  
  51  4:44  Hatchery  
  51  4:45  Extractor  
  50  4:47  Drone  
  50  4:48  Zergling x2  
  50  4:50  Spire  
  50  4:51  Overlord  
  51  4:53  Drone  
  51  4:54  Drone  
  51  4:56  Drone  
  51  4:58  Drone  
  55  5:11  Drone x4  
  55  5:12  Drone x2  
  61  5:15  Overlord x2  
  61  5:17  Overlord  
  61  5:27  Drone  
  61  5:28  Zergling x4, Infestation Pit  
  63  5:29  Drone x2  
  63  5:30  Drone  
  66  5:37  Extractor  
  66  5:38  Extractor  
  64  5:59  Hatchery  
  63  6:06  Mutalisk x5  
  63  6:08  Mutalisk  
  67  6:20  Mutalisk x2  
  67  6:21  Hatchery  
  70  6:32  Mutalisk  
  67  6:36  Hatchery  
  67  6:38  Hive  
  66  6:57  Mutalisk x2  
  64  7:14  Mutalisk  
  64  7:15  Mutalisk  
  64  7:27  Mutalisk  
  56  7:30  Zergling x6  
  56  7:31  Zergling x4  
  47  7:51  Mutalisk x2  
  44  8:00  Drone x2  
  44  8:02  Zergling x4  
  48  8:08  Queen  
  48  8:10  Drone x3  
  48  8:11  Queen  
  53  8:36  Hatchery  
  52  8:45  Zergling x2  
  52  8:46  Drone, Zergling x4  
  52  8:47  Drone x5  
  59  8:51  Spire  
  54  9:38  Drone  
  54  9:39  Drone x5  
  55  10:04  Greater Spire  
  55  10:05  Corruptor x3  
  55  10:06  Drone x2  
  55  10:07  Drone x4  
  67  10:15  Extractor x2  
  67  10:16  Drone  
  67  10:17  Queen  
  68  10:25  Drone  
  68  10:26  Drone  
  70  10:28  Extractor x2  
  70  10:31  Extractor  
  67  10:43  Corruptor x3  
  67  10:44  Drone  
  67  10:45  Drone x7  
  81  11:06  Corruptor x2  
  85  11:17  Overlord  
  84  11:18  Drone x3  
  84  11:19  Drone x7  
  84  11:20  Drone  
  94  11:26  Brood Lord  
  94  11:29  Drone  
  94  11:30  Drone  
  98  11:35  Drone  
  98  11:39  Brood Lord  
  101  11:47  Drone x2  
  101  11:51  Brood Lord  
  101  11:53  Brood Lord  
  107  12:05  Brood Lord  
  97  12:26  Drone x2  
  97  12:27  Drone x8  
  97  12:28  Drone x7  
Tags
 
Add a new tag
Caveats
  • Supply blocks, unpowered buildings, or Contaminate may cause inaccurate times.
  • Supply counts are checked every 10 seconds.